 Dungeon Crawl Stone Soup version 0.31-a0-963-ga325b2283a (webtiles) character file.

Game seed: 17463264344565223277

226 Maxmaps the Changeling (level 6, -6/39 HPs)
             Began as an Octopode Shapeshifter on Oct 25, 2023.
             Was an Initiate of Gozag.
             Mangled by Pikel
             ... wielding a +2 whip of electrocution
              (11 damage)
             ... on level 3 of the Dungeon.
             The game lasted 00:03:54 (2352 turns).

Maxmaps the Changeling (Octopode Shapeshifter)      Turns: 2352, Time: 00:03:55

Health: -6/39      AC:  1    Str: 20    XL:     6   Next: 1%
Magic:  6/6        EV: 13    Int: 14    God:    Gozag
Gold:   139        SH:  0    Dex: 11    Spells: 5/5 levels left

rFire   . .          .
                       - Unarmed
rCold   . . .        (no shield)
rNeg    . . .        (helmet currently unavailable)
rPois   +            (no amulet)
rElec   .            d - +6 ring of strength
rCorr   .            n - ring of poison resistance
SInv    .            (no ring)
Will    .....        (no ring)
Stlth   ++           (no ring)
HPRegen 0.26/turn    (no ring)
MPRegen 0.10/turn    (no ring)
                     (no ring)

%: no passive effects
@: beast-form
A: beast (slay +3), almost no armour, amphibious, 8 rings, camouflage 1,
gelatinous body 1, (nimble swimmer 1), tentacles
a: Begin Untransformation, Renounce Religion, Potion Petition, Call Merchant,
Bribe Branch


You were on level 3 of the Dungeon.
You worshipped Gozag.
Gozag was aware of your devotion.
You were a hulking beast.
You visited 2 branches of the dungeon, and saw 5 of its levels.

You collected 185 gold pieces.
You paid 46 gold pieces to Gozag.

Inventory:

Jewellery
 d - a +6 ring of strength (left tentacle)
 i - an amulet of faith
 n - a ring of poison resistance (right tentacle)
Talismans
 b - a beast talisman
 c - a flux talisman
Scrolls
 e - a scroll of brand weapon {unknown}
 f - 2 scrolls of identify {unknown}
 j - a scroll of immolation {unknown}
 k - a scroll of torment {unknown}
 o - a scroll of summoning {unknown}
Potions
 h - a potion of cancellation {unknown}
 l - a potion of might {unknown}
 m - 2 potions of haste {unknown}


   Skills:
 - Level 2.0 Fighting
 - Level 2.0 Dodging
 - Level 3.0 Unarmed Combat
 + Level 5.8 Shapeshifting


You had 5 spell levels left.
You didn't know any spells.
Your spell library contained the following spells:

 Spells                   Type           Power      Damage    Failure   Level
 Cigotuvi's Dreadful Rot  Necr/Pois/Air  0%         N/A       41%         2
 Ignite Poison            Fire/Tmut/Pois 0%         N/A       65%         3
 Stone Arrow              Conj/Erth      0%         3d7       65%         3
 Freezing Cloud           Conj/Ice/Air   0%         6-21      100%        5
 Lehudib's Crystal Spear  Conj/Erth      0%         10d2      100%        8
 Animate Armour           Summ/Erth      Unusable   N/A       N/A         4

Dungeon Overview and Level Annotations

Branches:
Dungeon (4/15)             Temple (1/1) D:4

Altars:
Ashenzari
Cheibriados
Dithmenos
Elyvilon
Fedhas
Gozag
Hepliaklqana
Makhleb
Nemelex Xobeh
Okawaru
Qazlal
Ru
Sif Muna
Trog
Uskayaw
Vehumet
Wu Jian
Xom
Yredelemnul
The Shining One

Annotations:
D:3 Pikel


Innate Abilities, Weirdness & Mutations

You are a hulking beast.
Your limbs bulge with bestial killing power. (Slay +3)
You cannot wear most types of armour.
You are amphibious.
You can wear up to eight rings at the same time.
Your skin changes colour to match your surroundings (Stealth+).
Your rubbery body absorbs attacks. (AC +1, EV +1)
((You are camouflaged when in or above water. (Stealth+)))
You have tentacles for arms and can constrict up to eight enemies at once.


Message History

You see here 7 gold pieces.
You tentacle-slap the adder. You grab the adder.
The adder is moderately wounded.
You constrict the adder. The adder misses you.
You tentacle-slap the adder. You squeeze the adder.
You kill the adder!
You have reached level 6!
You start resting.
HP restored.
You now have 132 gold pieces (gained 6).
You now have 139 gold pieces (gained 7).
There is a stone staircase leading down here.
You climb downwards.
Level annotation: Pikel The lemure shouts!
The lemure closely misses you.
There is a stone staircase leading up here.
Pikel hits you with a +2 whip of electrocution!
You are electrocuted!
You climb upwards.
There is a stone staircase leading down here.
It was a potion of magic.
Magic courses through your body. The lemure hits you but does no damage.
Pikel hits you with a +2 whip of electrocution.
You bludgeon Pikel! Your grab misses Pikel.
Pikel is moderately wounded.
The lemure hits you!
* * * LOW HITPOINT WARNING * * *
Pikel barely misses you.
You tentacle-slap Pikel. Your grab misses Pikel.
Pikel is heavily wounded.
The lemure closely misses you. Pikel barely misses you.
You barely miss Pikel. You grab Pikel. You squeeze Pikel!
Pikel is severely wounded.
You constrict Pikel. The lemure hits you.
* * * LOW HITPOINT WARNING * * *
Pikel hits you with a +2 whip of electrocution!
You die...
Pikel says, "See you in Hell!"
Your body crumbles into a pile of gold.

###...# ##...#.##.# #..#
###.# #...#.##.####..#
######
#.########..............#
.....#
#.......................##
####.#
####.#####.....####.......
#.# #.# ###.........#....)
#.# #.# #.......######..##
#†# #.# #.......######..#
#.#
#.####h..............##
#.#
#....5K....#.##........
#.#
########....###...#.##.
#.# #.##.# #..##.##. #.#
#.##.# #..##.##. #.#
#.##.# #...#...# #.#
#####.##.# #.#.###.# #.#
#........# #.#.# #.# #.#
#.###.#### #.#.# #.#


You could see Pikel and a lemure.

Vanquished Creatures
  Crazy Yiuf (D:3)
  Jessica (D:3)
  Robin (D:3)
  A gnoll (D:1)
  6 adders
  4 worms
  3 dart slugs
  An orc (D:3)
  4 bats
  9 endoplasms
  6 giant cockroaches
  11 goblins
  8 hobgoblins
  5 jackals (D:2)
  4 kobolds
  A quokka (D:2)
  4 ball pythons
  3 frilled lizards
  5 rats (D:1)
78 creatures vanquished.

Notes
Turn   | Place    | Note
-------+----------+-------------------------------------------
     0 | D:1      | Maxmaps the Octopode Shapeshifter began the quest for the
                  | Orb.
     0 | D:1      | Reached XP level 1. HP: 13/13 MP: 1/1
    90 | D:1      | Reached XP level 2. HP: 19/19 MP: 2/2
   241 | D:1      | Reached XP level 3. HP: 16/24 MP: 3/3
   625 | D:2      | Reached skill level 4 in Shapeshifting
   652 | D:2      | Reached XP level 4. HP: 19/29 MP: 4/4
  1045 | D:3      | Noticed Robin
  1084 | D:3      | Killed Robin
  1265 | D:3      | Reached XP level 5. HP: 31/34 MP: 5/5
  1286 | D:3      | Reached skill level 5 in Shapeshifting
  1375 | D:3      | Found a faded altar of an unknown god.
  1632 | D:3      | Found an opulent altar of Gozag.
  1632 | D:3      | Found a stormy altar of Qazlal.
  1685 | D:3      | Noticed Jessica
  1687 | D:3      | Killed Jessica
  1733 | D:3      | Became a worshipper of Gozag Ym Sagoz the Greedy
  1930 | D:3      | Found a runed translucent door.
  1931 | D:3      | Noticed Crazy Yiuf
  2097 | D:3      | Killed Crazy Yiuf
  2218 | D:4      | Found a staircase to the Ecumenical Temple.
  2233 | Temple   | Entered the Ecumenical Temple
  2239 | D:4      | Noticed a lemure
  2240 | D:4      | Noticed a lemure
  2241 | D:4      | Noticed Pikel
  2241 | D:4      | Noticed a lemure
  2257 | D:3      | Reached XP level 6. HP: 17/39 MP: 6/6
  2352 | D:3      | Mangled by Pikel

Illustrated notes

Levels and vault maps discovered:
D:1:      psy_arrival_statuary, layout_rooms
D:2:      layout_rooms
D:3:      layout_loops_ring, gammafunk_temple_overflow_pools,
          shapermc_ecumenical_altar_acropolis, uniq_jessica, uniq_robin,
          uniq_crazy_yiuf_cottage
D:4:      layout_basic, minmay_temple_entry_arrows, kennysheep_big_empty_room,
          uniq_pikel, uniq_eustachio
Temple:   mainiacjoe_temple_bowtie_tessellation

Skill      XL: |  1  2  3  4  5 |
---------------+----------------+-----
Fighting       | 2 |  2.0
Shapeshifting  | 4 5 |  5.8
Dodging        | |  2.0
Unarmed Combat | |  3.0

Action                     |  1- 3 |  4- 6 || total
---------------------------+-------+-------++-------
  Melee: Unarmed           |    61 |    94 ||   155
         Constrict         |    13 |    27 ||    40
         Tentacles         |     9 |    21 ||    30
         Punch             |     6 |     3 ||     9
    Use: Potion            |       |     2 ||     2
   Stab: Sleeping          |     4 |     3 ||     7
 Armour: Skin              |    20 |    56 ||    76
  Dodge: Dodged            |    30 |    46 ||    76

Table legend: (Time is in decaauts)
 A = Elapsed time spent in this place.
 B = Non-inter-level travel time spent in this place.
 C = Inter-level travel time spent in this place.
 D = Time resting spent in this place.
 E = Time spent auto-exploring this place.
 F = Levels seen in this place.
 G = Mean time per level.
                   A        B        C        D        E       F      G
               +--------+--------+--------+--------+--------+-----+--------+
         Total |   2330 |   2212 |    118 |    226 |   1538 |   5 |  466.0 |
       Dungeon |   2329 |   2211 |    118 |    226 |   1538 |   4 |  582.2 |
        Temple |      1 |      1 |      0 |      0 |      0 |   1 |    1.0 |
               +--------+--------+--------+--------+--------+-----+--------+

Top non-repeatable levels by time:
     D:3: 1263 daAuts
     D:2: 548 daAuts
     D:1: 482 daAuts
     D:4: 34 daAuts
  Temple: 1 daAuts
